 Dungeon Crawl Stone Soup version 0.28-a0-1130-gc51a68064b (webtiles) character file.

Game seed: 14028639545717186516

127860 Armakuni the Fighter (level 17, -1/139 HPs)
             Began as a Human Fighter on Dec 12, 2021.
             Was a Priest of Elyvilon.
             Slain by an entropy weaver (7 damage)
             ... on level 2 of the Spider Nest.
             The game lasted 02:00:15 (32314 turns).

Armakuni the Fighter (Human Fighter)               Turns: 32314, Time: 02:00:16

Health: -1/139     AC:  1    Str: 23    XL:     17   Next: 57%
Magic:  6/24       EV: 21    Int: 13    God:    Elyvilon [***...]
Gold:   1192       SH:  7    Dex: 18    Spells: 5/18 levels left

rFire   . . .      SeeInvis .   a - +8 morningstar of Laeghab {vorpal, Will++}
rCold   . . .      Faith    .   g - +2 buckler
rNeg    . . .      Spirit   .   h - +1 robe of Vines {NoPotionHeal Regen++++}
rPois   +          Reflect  .   F - +0 helmet of the Kangaroo {Will+ Regen+ Str+5}
rElec   .          Harm     .   j - +0 cloak
rCorr   .          Rampage  .   i - +1 pair of gloves {Dex+3}
Will    ++++.                   f - +0 pair of boots
Stlth   ++........              A - amulet of the acrobat
HPRegen 5.13/turn               V - ring of poison resistance
MPRegen 0.19/turn               P - +4 ring of protection

@: corroded, studying Transmutations
A: regeneration 1
a: Renounce Religion, Purification, Heal Other, Heal Self


You were on level 2 of the Spider Nest.
You worshipped Elyvilon.
Elyvilon was most pleased with you.
You visited 7 branches of the dungeon, and saw 28 of its levels.
You also visited: Trove, Sewer and Gauntlet.

You collected 2344 gold pieces.
You spent 1152 gold pieces at shops.

Inventory:

Hand Weapons
 a - the +8 morningstar of Laeghab (weapon) {vorpal, Will++}
   (You found it in a treasure trove)

   It inflicts extra damage upon your enemies.
   Will:      It greatly increases your willpower.
 b - a +1 flail of venom
 u - a +1 eveningstar of protection
Armour
 f - a +0 pair of boots (worn)
 g - a +2 buckler (worn)
 h - the +1 robe of Vines (worn) {NoPotionHeal Regen++++}
   (You found it on level 9 of the Dungeon)

   Its wearer cannot be healed by potions.
   Regen:     It increases your rate of health regeneration.
 i - a +1 pair of gloves of dexterity (worn)
 j - a +0 cloak (worn)
 F - the +0 helmet of the Kangaroo (worn) {Will+ Regen+ Str+5}
   (You found it in a Gauntlet)

   Str:       It affects your strength (+5).
   Regen:     It increases your rate of health regeneration.
   Will:      It increases your willpower.
Magical Staves
 c - a staff of conjuration
Jewellery
 A - an amulet of the acrobat (around neck)
 E - a +4 ring of evasion
 I - a ring of see invisible
 P - a +4 ring of protection (right hand)
 V - a ring of poison resistance (left hand)
Wands
 o - a wand of iceblast (3)
 R - a wand of paralysis (4)
Scrolls
 k - 6 scrolls of identify
 q - 5 scrolls of magic mapping
 r - 2 scrolls of teleportation
 s - a scroll of enchant armour
 w - a scroll of fog
 y - a scroll of blinking
 B - a scroll of noise
 H - a scroll of amnesia
 S - a scroll of silence
Potions
 d - 9 potions of flight
 e - 2 potions of haste
 l - 3 potions of mutation
 p - a potion of resistance
 t - a potion of brilliance
 v - a potion of lignification
 z - 2 potions of invisibility
 G - a potion of magic
 L - 2 potions of might
 M - a potion of ambrosia
 Q - 4 potions of curing


   Skills:
 - Level 14.3 Fighting
 + Level 13.3(14.4) Maces & Flails
 - Level 9.3(12.5) Staves
 - Level 5.0 Armour
 - Level 13.7 Dodging
 - Level 4.0 Shields
 - Level 1.0 Spellcasting
 + Level 12.2 Transmutations
 + Level 5.4 Ice Magic
 - Level 10.0 Invocations
 - Level 9.0 Evocations


You had 5 spell levels left.
You knew the following spells:

 Your Spells              Type           Power      Damage    Failure   Level
i - Irradiate             Conj/Tmut      8%         3d16      54%         5
o - Ozocubu's Armour      Ice            14%        N/A       10%         3
r - Frozen Ramparts       Ice            28%        1d4       10%         3
w - Wereblood             Tmut           32%        N/A       1%          2

Your spell library contained the following spells:

 Spells                   Type           Power      Damage    Failure   Level
 Beastly Appendage        Tmut           64%        N/A       1%          1
 Passwall                 Tmut/Erth      13%        N/A       3%          2
 Blade Hands              Tmut           16%        N/A       5%          5
 Spider Form              Tmut/Pois      16%        N/A       7%          3
 Ice Form                 Ice/Tmut       23%        N/A       8%          4
 Ensorcelled Hibernation  Hex/Ice        14%        N/A       14%         2
 Ignite Poison            Fire/Tmut/Pois 11%        N/A       16%         3
 Petrify                  Tmut/Erth      16%        N/A       22%         4
 Scorch                   Fire           0%         2d5       38%         2
 Conjure Flame            Conj/Fire      0%         6-21      63%         3
 Dazzling Flash           Conj/Hex       0%         N/A       63%         3
 Inner Flame              Hex/Fire       0%         N/A       63%         3
 Portal Projectile        Hex/Tloc       0%         N/A       63%         3
 Tukima's Dance           Hex            0%         N/A       63%         3
 Summon Ice Beast         Ice/Summ       7%         N/A       67%         4
 Cause Fear               Hex            0%         N/A       95%         4
 Flame Wave               Conj/Fire      0%         2d4       95%         4
 Iskenderun's Mystic Bla  Conj/Tloc      0%         2d3       95%         4
 Sticky Flame             Conj/Fire      0%         2d3       95%         4
 Metabolic Englaciation   Hex/Ice        3%         N/A       95%         5
 Summon Forest            Summ/Tloc      0%         N/A       100%        5
 Dragon Form              Tmut           16%        N/A       85%         7
 Eringya's Noxious Bog    Tmut/Pois      8%         N/A       98%         6
 Simulacrum               Ice/Necr       3%         N/A       100%        6
 Starburst                Conj/Fire      0%         6d3       100%        6
 Summon Cactus Giant      Summ           0%         N/A       100%        6
 Summon Hydra             Summ           0%         N/A       100%        7
 Discord                  Hex            0%         N/A       100%        8
 Necromutation            Tmut/Necr      8%         N/A       100%        8


Dungeon Overview and Level Annotations

Branches:
Dungeon (15/15)            Temple (1/1) D:7            Lair (6/6) D:10
  Swamp (0/4) Lair:3       Spider (2/4) Lair:2        Slime (1/5) Lair:5
    Orc (2/2) D:12            Elf (0/3) Orc:2        Vaults (0/5) D:14
 Depths (1/4) D:15          Sewer (visited)         Gauntlet (visited)

Altars:
Ashenzari
Cheibriados
Dithmenos
Elyvilon
Fedhas
Gozag
Hepliaklqana
Kikubaaqudgha
Makhleb
Nemelex Xobeh
Okawaru
Qazlal
Ru
Sif Muna
Trog
Uskayaw
Vehumet
Wu Jian
Xom
Yredelemnul
Zin
The Shining One
Beogh
Lugonu

Shops:
D:2 (   D:11 *   Orc:2 :==(

Portals:
Abyss: D:4

Annotations:
D:4 2 transporters, Armakuni's ghost, amateur HuMo
D:5 3 runed translucent doors, bjarki66's ghost, novice DsNe
D:8 1 runed translucent door, bjarki66's ghost, novice DrTm
D:12 1 transporter, Cishun's ghost, journeyman DsFi


Innate Abilities, Weirdness & Mutations

Your natural rate of healing is unusually fast.


Message History

The jumping spider leaps!
You feel purified! The jumping spider pounces on you!
You are caught in a web!
The jumping spider bites you! The jumping spider pounces on you.
The jumping spider bites you!
You struggle to detach yourself from the web.
The jumping spider pounces on you!
You are even more entangled.
The jumping spider closely misses you. The jumping spider pounces on you!
* * * LOW HITPOINT WARNING * * *
The jumping spider closely misses you.
You struggle to detach yourself from the web.
The jumping spider misses you. The jumping spider bites you.
* * * LOW HITPOINT WARNING * * *
The jumping spider pounces on you.
* * * LOW HITPOINT WARNING * * *
The jumping spider completely misses you.
The jumping spider pounces on you!
* * * LOW HITPOINT WARNING * * *
You are even more entangled.
The jumping spider bites you.
* * * LOW HITPOINT WARNING * * *
The jumping spider pounces on you! Elyvilon protects you from harm!
The jumping spider bites you.
* * * LOW HITPOINT WARNING * * *
You hear an angry hiss.
The web tears apart.
You block the jumping spider's attack. The jumping spider barely misses you.
The jumping spider misses you. The jumping spider bites you.
* * * LOW HITPOINT WARNING * * *
Your magical contamination has completely faded away.
You bludgeon the jumping spider!!
You kill the jumping spider!
The jumping spider misses you. The jumping spider bites you.
* * * LOW HITPOINT WARNING * * *
You closely miss the jumping spider.
The jumping spider is heavily wounded.
The jumping spider pounces on you!
* * * LOW HITPOINT WARNING * * *
The jumping spider barely misses you.
You block the entropy weaver's attack. x2
The entropy weaver closely misses you. The entropy weaver hits you!
You die...

##...........#.#...##
...###.##.#...........†#....#
...(#..#...^...........†#...##
#......#...........s###...s.#
#....##...........## ####^....
##....###.....B...## #...#.
#.....###.......### .<.s..
###.....##^....B### ......
.#........#.....@## #....s.
..####..####....s.## #°.....
...####^## ##........ ##.....
....##...# #..........
.....#.#.## #....##.....
......###.###..###......
.......###^#..## #......
........###....##.......
.......# ##..........


You could see a jumping spider and a neutral entropy weaver.

Vanquished Creatures
  Rupert (D:13)
  Frances (D:13)
  Gastronok (Lair:3)
  An orc warlord (Orc:2)
  An emperor scorpion (Spider:2)
  A minotaur (Gauntlet)
  Snorg (D:12)
  An ettin (D:15)
  A fire dragon (D:15)
  A great orb of eyes (Gauntlet)
  3 boulder beetles
  An ogre mage (D:15)
  A rakshasa (D:15)
  10 hydras
  A catoblepas (Lair:5)
  3 centaur warriors
  A death knight (D:15)
  Erica (D:9)
  11 two-headed ogres
  Urug (Lair:6)
  3 orc high priests (Orc:2)
  A hell knight (D:15)
  A sixfirhy (Gauntlet)
  An iron troll (D:14)
  2 deep trolls (D:15)
  A lindwurm (Lair:5)
  A necromancer (D:14)
  3 deep elf pyromancers
  5 wolf spiders
  3 orb spiders
  5 orc knights
  11 ugly things
  6 orc sorcerers
  5 cyclopes
  3 manticores
  12 slime creatures
  6 black mambas
  A cane toad (shapeshifter) (D:15)
  3 torpor snails (Lair:2)
  19 cane toads
  2 unseen horrors (D:11)
  2 freezing wraiths
  2 rime drakes
  Psyche (D:7)
  10 demonic crawlers
  13 komodo dragons
  A tengu conjurer (D:15)
  26 jumping spiders
  8 polar bears
  8 trolls
  Prince Ribbit (D:6)
  23 blink frogs
  4 dream sheep (Lair:5)
  5 hornets
  4 tarantellas
  A wraith (D:13)
  7 wyverns
  17 redbacks
  A shadow (D:11)
  8 spriggans (Lair:6)
  58 yaks
  4 fire bats (D:11)
  2 hogs (Lair:6)
  4 basilisks
  A steam dragon (D:9)
  8 vampire mosquitoes
  10 wargs
  15 water moccasins
  A hell hound (D:11)
  3 acid dragons
  6 black bears
  39 orc warriors
  3 sky beasts
  5 necrophages
  18 ogres
  10 boggarts
  34 wolves
  A phantom (D:5)
  9 centaurs
  10 bullfrogs
  2 scorpions (D:4)
  A two-headed ogre simulacrum (D:11)
  A water moccasin zombie (D:5)
  4 killer bees (D:9)
  2 wights (D:6)
  An electric eel (Lair:5)
  5 howler monkeys
  5 centaur zombies
  2 lava snakes (D:11)
  33 orc priests
  3 hounds
  2 iguanas
  2 centaur skeletons
  22 orc wizards
  A troll simulacrum (D:11)
  A spriggan simulacrum (D:11)
  3 killer bee zombies
  2 hound zombies (D:5)
  A hound skeleton (D:4)
  A howler monkey zombie (D:5)
  5 adders
  A gnoll (D:15)
  A howler monkey skeleton (D:6)
  A naga simulacrum (D:11)
  A shadow imp (D:7)
  A white imp (D:6)
  5 ufetubi
  2 worms (Sewer)
  2 dart slugs
  114 orcs
  13 bats
  9 endoplasms
  7 giant cockroaches
  10 goblins
  7 hobgoblins
  13 jackals
  6 quokkas
  7 ball pythons
  5 frilled lizards
  6 kobolds
  7 rats
837 creatures vanquished.

Vanquished Creatures (collateral kills)
  A black mamba (Lair:5)
  A yak (Lair:5)
  A water moccasin (Lair:5)
3 creatures vanquished.

Vanquished Creatures (others)
  Kirke (Lair:6)
  An entropy weaver (Spider:2)
  A two-headed ogre (D:15)
  An ugly thing (D:15)
  A black mamba (Lair:5)
  2 jumping spiders (Spider:2)
  A blink frog (Lair:3)
  2 hornets (Lair:6)
  2 spriggans (Lair:6)
  3 fire elementals (Spider:2)
  4 yaks (Lair:6)
  5 hogs (Lair:6)
  A hell hound (Spider:2)
  2 water moccasins
  2 orc priests (Orc:2)
  35 fungi
  55 plants
119 creatures vanquished.

Grand Total: 959 creatures vanquished

Notes
Turn   | Place    | Note
-------+----------+-------------------------------------------
     0 | D:1      | Armakuni the Human Fighter began the quest for the Orb.
     0 | D:1      | Reached XP level 1. HP: 18/18 MP: 1/1
   213 | D:1      | Reached XP level 2. HP: 24/24 MP: 2/2
   742 | D:1      | Found a faded altar of an unknown god.
   799 | D:1      | Reached XP level 3. HP: 29/29 MP: 3/3
  1055 | D:2      | Got Sif Muna's Catalogue of Entrancing Transmutation
  1349 | D:2      | Found Siromeut's Antique Weapon Shoppe.
  1363 | D:2      | Reached XP level 4. HP: 36/37 MP: 4/4
  1425 | D:2      | Found a glowing silver altar of Zin.
  1579 | D:2      | Reached skill level 4 in Fighting
  1914 | D:3      | Found a glowing drain.
  1927 | Sewer    | Entered a sewer
  2227 | Sewer    | Reached XP level 5. HP: 38/42 MP: 5/5
  3540 | D:4      | Found an ancient bone altar of Kikubaaqudgha.
  3558 | D:4      | Noticed an ogre
  3577 | D:4      | Killed an ogre
  3578 | D:4      | Reached skill level 5 in Fighting
  3578 | D:4      | Reached XP level 6. HP: 30/51 MP: 6/6
  3729 | D:4      | Found a shimmering altar of Xom.
  3761 | D:4      | Noticed a necrophage
  3786 | D:4      | Killed a necrophage
  3787 | D:4      | Reached skill level 5 in Maces & Flails
  3821 | D:4      | Reached XP level 7. HP: 37/56 MP: 7/7
  4029 | D:4      | Found a glowing golden altar of the Shining One.
  4061 | D:4      | Found a transporter.
  4064 | D:4      | Found a transporter.
  4087 | D:4      | Reached skill level 1 in Dodging
  4252 | D:4      | Found a one-way gate to the infinite horrors of the Abyss.
  5324 | D:4      | Noticed Armakuni's ghost (amateur HuMo)
  5364 | D:5      | Entered Level 5 of the Dungeon
  5546 | D:5      | Found a runed translucent gate.
  5547 | D:5      | Found a runed translucent gate.
  5548 | D:5      | Found a runed translucent gate.
  5550 | D:5      | Noticed bjarki66's ghost (novice DsNe)
  5862 | D:5      | Reached XP level 8. HP: 62/62 MP: 8/8
  5929 | D:5      | Reached skill level 5 in Armour
  6354 | D:5      | Reached skill level 5 in Dodging
  6360 | D:5      | Found a basalt altar of Yredelemnul.
  6635 | D:6      | Noticed Prince Ribbit
  6657 | D:6      | Gained mutation: You are partially covered in iridescent
                  | scales. (AC +2) [potion of mutation]
  6657 | D:6      | Gained mutation: You are clumsy. (Dex -2) [potion of
                  | mutation]
  6657 | D:6      | Gained mutation: You expend magic power (3 MP) to
                  | strengthen your wands. [potion of mutation]
  6771 | D:6      | Reached skill level 6 in Fighting
  6778 | D:6      | Found a shimmering blue altar of Sif Muna.
  7003 | D:6      | Reached skill level 7 in Fighting
  7003 | D:6      | Reached XP level 9. HP: 71/72 MP: 9/9
  7063 | D:6      | Learned a level 2 spell: Wereblood
  7142 | D:6      | Noticed a two-headed ogre
  7151 | D:6      | Killed a two-headed ogre
  7152 | D:6      | Reached skill level 9 in Fighting
  7336 | D:6      | Noticed a +0 falchion
  7336 | D:6      | Noticed a +0 dagger
  7336 | D:6      | Noticed a +0 spear
  7403 | D:6      | Noticed a +0 short sword
  7403 | D:6      | Noticed a +0 spear
  7426 | D:6      | Noticed a +0 falchion
  7428 | D:6      | Noticed a +0 short sword
  7428 | D:6      | Noticed a +0 dagger
  7435 | D:6      | Found a hide-covered altar of Uskayaw.
  7640 | D:6      | Killed Prince Ribbit
  7907 | D:6      | Found an opulent altar of Gozag.
  8382 | D:7      | Reached skill level 10 in Fighting
  8455 | D:7      | Reached skill level 1 in Staves
  8461 | D:7      | Found a shadowy altar of Dithmenos.
  8502 | D:7      | Found a staircase to the Ecumenical Temple.
  8511 | Temple   | Entered the Ecumenical Temple
  8685 | D:7      | Reached XP level 10. HP: 85/85 MP: 10/10
  8786 | D:7      | Found a sacrificial altar of Ru.
  8967 | D:7      | Reached skill level 1 in Evocations
  9355 | D:8      | Found a runed translucent door.
  9356 | D:8      | Noticed an efreet
  9357 | D:8      | Noticed bjarki66's ghost (novice DrTm)
  9384 | D:8      | Reached skill level 5 in Staves
  9626 | D:8      | Noticed Psyche
  9771 | D:7      | Killed Psyche
 10736 | D:9      | Reached skill level 5 in Evocations
 10897 | D:9      | Found a radiant altar of Vehumet.
 11081 | D:9      | Reached skill level 1 in Spellcasting
 11081 | D:9      | Reached skill level 1 in Transmutations
 11132 | D:9      | Reached XP level 11. HP: 87/90 MP: 12/12
 11135 | D:9      | Noticed a four-headed hydra
 11143 | D:9      | Killed a four-headed hydra
 11323 | D:9      | Found a white marble altar of Elyvilon.
 11332 | D:9      | Became a worshipper of Elyvilon the Healer
 11394 | D:9      | Noticed Erica
 11424 | D:10     | Entered Level 10 of the Dungeon
 11663 | D:10     | Reached skill level 5 in Transmutations
 11677 | D:10     | Reached skill level 1 in Invocations
 12287 | D:10     | Found a staircase to the Lair.
 12318 | Lair:1   | Entered Level 1 of the Lair of Beasts
 12504 | Lair:1   | Noticed a five-headed hydra
 12706 | D:10     | Reached * piety under Elyvilon
 12734 | D:11     | Noticed a boulder beetle
 13143 | D:10     | Found a blossoming altar of Fedhas.
 13824 | D:11     | Reached skill level 5 in Invocations
 14174 | D:12     | Noticed a boulder beetle
 14243 | D:13     | Noticed a brown ugly thing
 14276 | D:13     | Killed a brown ugly thing
 14510 | D:13     | Noticed Frances
 14543 | D:13     | Noticed a centaur warrior
 14816 | D:10     | Reached XP level 12. HP: 82/97 MP: 16/16
 14897 | D:9      | Killed Erica
 15084 | D:9      | Found the +1 robe of Vines {NoPotionHeal Regen++++}
 15115 | D:9      | Noticed a two-headed ogre
 15130 | D:9      | Killed a two-headed ogre
 15153 | D:9      | Found a stormy altar of Qazlal.
 15203 | D:9      | Reached ** piety under Elyvilon
 15415 | D:11     | Noticed a seven-headed hydra
 15426 | D:11     | Killed a one-headed hydra
 15454 | D:11     | Found Roiv's Assorted Antiques.
 15864 | D:11     | Noticed a boulder beetle
 15869 | D:11     | Pacified a boulder beetle
 16130 | D:11     | Pacified a boulder beetle
 16764 | D:12     | Pacified a boulder beetle
 16801 | D:12     | Reached XP level 13. HP: 77/103 MP: 20/20
 16943 | D:12     | Found a staircase to the Orcish Mines.
 16954 | D:12     | Reached skill level 10 in Invocations
 17370 | D:12     | Found a transporter.
 17370 | D:12     | Identified the +6 great mace of Evolution {vorpal, Int+4}
 17370 | D:12     | Noticed an ettin
 17372 | D:12     | Noticed Cishun's ghost (journeyman DsFi)
 17459 | D:12     | Reached skill level 10 in Maces & Flails
 17530 | D:12     | Noticed Snorg
 17572 | D:12     | Noticed a boulder beetle
 17588 | D:12     | Killed a boulder beetle
 17642 | D:12     | Killed Snorg
 17872 | Lair:1   | Killed a one-headed hydra
 18100 | Lair:1   | Reached *** piety under Elyvilon
 18382 | Lair:1   | Noticed a seven-headed hydra
 18411 | Lair:1   | Killed a one-headed hydra
 18721 | Lair:2   | Noticed a four-headed hydra
 18779 | Lair:1   | Killed a one-headed hydra
 18987 | Lair:2   | Found a hole to the Spider Nest.
 19027 | Lair:2   | Noticed a six-headed hydra
 19039 | Lair:2   | Killed a one-headed hydra
 19114 | Lair:2   | Found a snail-covered altar of Cheibriados.
 19127 | Lair:2   | Reached XP level 14. HP: 91/110 MP: 21/21
 19484 | Lair:2   | Reached **** piety under Elyvilon
 20100 | Lair:3   | Noticed Gastronok
 20140 | Lair:3   | Killed Gastronok
 20352 | Lair:3   | Found a staircase to the Swamp.
 20987 | Lair:4   | Reached ***** piety under Elyvilon
 21276 | Lair:4   | Lost mutation: You are partially covered in iridescent
                  | scales. (AC +2) [potion of mutation]
 21276 | Lair:4   | Lost mutation: You expend magic power (3 MP) to strengthen
                  | your wands. [potion of mutation]
 21276 | Lair:4   | Lost mutation: You are clumsy. (Dex -2) [potion of
                  | mutation]
 21276 | Lair:4   | Gained mutation: You are frail. (-10% HP) [potion of
                  | mutation]
 21276 | Lair:4   | Gained mutation: Your natural rate of healing is unusually
                  | fast. [potion of mutation]
 21276 | Lair:4   | Lost mutation: You are frail. (-10% HP) [potion of
                  | mutation]
 21628 | Lair:5   | Found a staircase to the Slime Pits.
 22324 | Lair:6   | Entered Level 6 of the Lair of Beasts
 22393 | Lair:5   | Reached XP level 15. HP: 80/115 MP: 18/22
 22672 | Lair:6   | Noticed Kirke
 22681 | Lair:6   | Killed Kirke
 22867 | Lair:6   | Noticed Urug
 22870 | Lair:6   | Reached skill level 10 in Dodging
 22884 | Lair:6   | Killed Urug
 22971 | Lair:6   | Reached skill level 11 in Fighting
 23663 | Lair:6   | Reached skill level 12 in Fighting
 24082 | Slime:1  | Entered Level 1 of the Pits of Slime
 24082 | Slime:1  | Noticed a quicksilver ooze
 24303 | D:12     | Learned a level 5 spell: Irradiate
 24479 | D:13     | Killed Frances
 24533 | D:13     | Noticed Rupert
 24542 | D:13     | Paralysed by Rupert for 4 turns
 24548 | D:13     | Paralysed by Rupert for 3 turns
 24561 | D:13     | Paralysed by Rupert for 2 turns
 24567 | D:13     | Killed Rupert
 25150 | D:14     | Found a gate leading to a gauntlet.
 25155 | Gauntlet | Entered a Gauntlet
 25155 | Gauntlet | Found a transporter.
 25155 | Gauntlet | Found a transporter.
 25161 | Gauntlet | Found a transporter.
 25161 | Gauntlet | Found a transporter.
 25163 | Gauntlet | Found a large runed translucent door.
 25164 | Gauntlet | Found a large runed translucent door.
 25165 | Gauntlet | Found a large runed translucent door.
 25165 | Gauntlet | Found a large runed translucent door.
 25165 | Gauntlet | Found a runed translucent door.
 25166 | Gauntlet | Found a large runed translucent door.
 25168 | Gauntlet | Found a transporter.
 25182 | Gauntlet | Found a large runed translucent door.
 25183 | Gauntlet | Found a large runed translucent door.
 25184 | Gauntlet | Found a large runed translucent door.
 25185 | Gauntlet | Found a runed translucent gate.
 25187 | Gauntlet | Found a transporter.
 25197 | Gauntlet | Found a transporter.
 25198 | Gauntlet | Found a transporter.
 25200 | Gauntlet | Found a transporter.
 25206 | Gauntlet | Found a transporter.
 25206 | Gauntlet | Found a runed translucent gate.
 25207 | Gauntlet | Found a runed translucent gate.
 25209 | Gauntlet | Found a large runed translucent door.
 25210 | Gauntlet | Found a large runed translucent door.
 25216 | Gauntlet | Found a transporter.
 25251 | Gauntlet | Found a large runed translucent door.
 25253 | Gauntlet | Found a runed translucent door.
 25264 | Gauntlet | Found a large runed translucent door.
 25264 | Gauntlet | Found a large runed translucent door.
 25264 | Gauntlet | Found a large runed translucent door.
 25265 | Gauntlet | Found a large runed translucent door.
 25266 | Gauntlet | Found a transporter.
 25266 | Gauntlet | Found a large runed translucent door.
 25311 | Gauntlet | Found a transporter.
 25327 | Gauntlet | Found a transporter.
 25431 | Gauntlet | Found a transporter.
 25452 | Gauntlet | Found a transporter.
 25688 | Gauntlet | Identified the +0 leather armour of Beogh's Indignation
                  | {-Tele rPois rC+ Regen+}
 25693 | Gauntlet | Identified the +0 helmet of the Kangaroo {Will+ Regen+
                  | Str+5}
 25760 | Gauntlet | Got the Compendium of Ashen Attacks
 25768 | Gauntlet | Identified the +1 leather armour of the Garden {rElec rF+
                  | Int+3}
 25960 | D:14     | Reached XP level 16. HP: 129/129 MP: 23/23
 26176 | D:14     | Reached skill level 13 in Fighting
 26496 | D:14     | Found a gate to the Vaults.
 26709 | D:15     | Entered Level 15 of the Dungeon
 26717 | D:15     | Found a portal to a secret trove of treasure.
 26799 | D:15     | Noticed a frost giant
 26975 | D:15     | Found a staircase to the Depths.
 27389 | D:15     | Reached skill level 14 in Fighting
 27603 | D:15     | Found an iron altar of Okawaru.
 27665 | Depths:1 | Entered Level 1 of the Depths
 27666 | Depths:1 | Noticed a frost giant
 27675 | D:15     | Identified a scroll of acquirement
 27764 | Orc:1    | Entered Level 1 of the Orcish Mines
 28235 | Orc:2    | Entered Level 2 of the Orcish Mines
 28682 | Orc:2    | Found a staircase to the Elven Halls.
 28934 | Orc:2    | Paralysed by an orc sorcerer for 5 turns
 29045 | Orc:2    | Found Wiffut's Book Shop.
 29120 | Orc:2    | Found Onihalam's Jewellery Boutique.
 29129 | Orc:2    | Bought a +4 ring of protection for 576 gold pieces
 29159 | Orc:2    | Bought a book of Winter for 408 gold pieces
 29164 | Orc:2    | Learned a level 3 spell: Ozocubu's Armour
 29170 | Orc:2    | Learned a level 3 spell: Frozen Ramparts
 29399 | Orc:2    | Reached XP level 17. HP: 139/139 MP: 24/24
 29459 | Orc:2    | Reached skill level 1 in Ice Magic
 29651 | Orc:2    | Reached skill level 10 in Transmutations
 29651 | Orc:2    | Found Peywk's Jewellery Boutique.
 29670 | Orc:2    | Found Erutinyu's Antique Weapon Shop.
 30007 | Orc:2    | Bought a glowing dire flail for 168 gold pieces
 30160 | Spider:1 | Entered Level 1 of the Spider Nest
 30838 | D:15     | You paid a toll of 2 scrolls of acquirement to enter a
                  | treasure trove
 30839 | Trove    | Entered a treasure trove
 30841 | Trove    | Found a bloodstained altar of Trog.
 30857 | Trove    | Identified the +9 eveningstar "Undertaker" {freeze, *Slow
                  | rF+ Dex+4}
 30870 | Trove    | Identified the +2 glaive of Plunder {flame, *Slow Int+4
                  | Stlth+}
 30872 | Trove    | Identified the +11 falchion of Bedazzling Gallantry
                  | {protect, Fragile rCorr Str+2 Dex+5}
 30897 | Trove    | Identified the +8 morningstar of Laeghab {vorpal, Will++}
 30904 | Trove    | Identified the +8 falchion "Giantbane" {vorpal, rF+ rC+
                  | Int+2}
 32121 | Spider:2 | Reached skill level 5 in Ice Magic
 32311 | Spider:2 | Elyvilon protects you from harm!
 32314 | Spider:2 | HP: 6/139 [jumping spider (12)]
 32314 | Spider:2 | Slain by an entropy weaver

Illustrated notes

Levels and vault maps discovered:
D:1:      dpeg_arrival_windows_large_door, layout_loops_ring, serial_rivers,
          chequers_serial_rivers_micro_c, chequers_serial_rivers_small_b,
          chequers_serial_rivers_micro_c, chequers_serial_rivers_micro_e,
          chequers_serial_rivers_small_b, chequers_serial_rivers_micro_a,
          dreamdust_ecumenical_altar_hidden_monk_grotto, minmay_tripent
D:2:      layout_basic, basic_altar, serial_shops, nicolae_shop_stone
D:3:      layout_basic, gup_sewer_entry_bubbles
D:4:      layout_layer_cave, mainiacjoe_overflow_surrounded_room,
          amcnicky_altar_gilded, mainiacjoe_overflow_catwalk,
          gammafunk_ghost_abyssal_escape
D:5:      nicolae_cairo_tiling, layout_basic, nicolae_yredelemnul_corpse_copse,
          gammafunk_ghost_nasty_kobolds, nicolae_figureground_sparkle
D:6:      layout_layer_cave, nicolae_gozag_seed_capital,
          mainiacjoe_overflow_alcove_2, nicolae_uskayaw_en_pointe,
          hangedman_decor_clover_reticule, uniq_prince_ribbit1
D:7:      layout_rooms, lemuel_round_altar, mainiacjoe_overflow_boulevard,
          minmay_temple_entry_poolview
D:8:      layout_basic, ebering_ghost_inner_flame, uniq_psyche
D:9:      layout_cross, nicolae_vehumet_altar_sigil, elyvilon_altar_5,
          nicolae_qazlal_general_emergency, hellmonk_guarded_unrand_vines,
          uniq_erica
D:10:     layout_cave_pools, mainiacjoe_overflow_cross_hatched,
          erik_lair_orcish_takeover
D:11:     layout_loops_ring, serial_co_window_serial, co_window_paths_a,
          co_window_paths_b, co_window_of_opportunity_a, co_window_paths_a,
          co_window_of_opportunity_a, co_window_paths_b, co_window_paths_a,
          co_window_broadway_a, co_window_cross_2, co_window_of_opportunity_b,
          glass_columns_b, glass_columns_a, serial_shops,
          nicolae_shop_overgrown_old_shop, portal_ice_cave_entry_ice_simulacra,
          hangedman_incinerator
D:12:     layout_long_grid, david_orc_5, gammafunk_ghost_smash,
          bh_walls_and_bars, uniq_snorg
D:13:     layout_loops_ring, uniq_rupert, uniq_frances
D:14:     minmay_general_purpose_star, layout_stronghold, david_vaults_4,
          gauntlet_entry_generic, corexii_leaking_fountain
D:15:     hangedman_depths_entry_civil_slaughter, layout_small_grid,
          nicolae_trove_entry_diagonal, grunt_ministairs_15,
          okawaru_altar_gauntlet_db
Temple:   corrupted_temple
Lair:1:   layout_small_grid, infiniplex_staircase_pool, lemuel_fruit_tree
Lair:2:   layout_misc_corridors, spider_nest_entry_web_field,
          kennysheep_snail_temple
Lair:3:   cheibrodos_lair_river_kwai, layout_chaotic_city,
          minmay_swamp_entry_worms, infiniplex_staircase_pool_2,
          grunt_megastairs_3, uniq_gastronok
Lair:4:   layout_cave_shapes
Lair:5:   cheibrodos_lair_overgrown_chateau, layout_misc_corridors, slime_dummy,
          serial_bayou_pond_b
Lair:6:   minmay_lair_end_enchanted_forest, layout_hall_layers,
          lemuel_fruit_fields, grunt_megastairs_5, lemuel_fruit_fields,
          uniq_urug, uniq_kirke
Spider:1: layout_spider_delve
Spider:2: layout_chambers, uniq_azrael
Slime:1:  layout_caves
Orc:1:    layout_caves
Orc:2:    pubby_orc_utopia
Depths:1: layout_gridlike, rand_demon_pan_entry_9,
          amcnicky_mini_rare_corridor_liquid, hangedman_coc_ice_floe,
          fedhas_altar_3, minmay_shop_grove, kennysheep_random_hallway

Skill      XL: |  1  2  3  4  5  6  7  8  9 10 11 12 13 14 15 16 17 |
---------------+----------------------------------------------------+-----
Maces & Flails | 3 4 5 8 12 13 | 13.3
Fighting       | 4 5 7 10 12 14 | 14.3
Shields        | 4 |  4.0
Dodging        | 3 5 9 12 13 | 13.7
Armour         | 4 5 |  5.0
Staves         | 2 6 8 9 |  9.3
Evocations     | 5 9 |  9.0
Spellcasting   | 1 |  1.0
Transmutations | 2 6 9 12 | 12.2
Invocations    | 5 9 10 | 10.0
Ice Magic      | 5 |  5.4

Action                   |  1- 3 |  4- 6 |  7- 9 | 10-12 | 13-15 | 16-18 || total
-------------------------+-------+-------+-------+-------+-------+-------++-------
Melee: Flail             |    93 |   251 |   315 |   888 |   448 |       ||  1995
       Scimitar          |       |       |       |    10 |    56 |       ||    66
       Dire flail        |       |       |       |       |  1163 |  1008 ||  2171
       Morningstar       |       |       |       |       |       |   151 ||   151
 Cast: Wereblood         |       |       |       |     9 |    18 |    21 ||    48
       Frozen Ramparts   |       |       |       |       |       |    10 ||    10
       Ozocubu's Armour  |       |       |       |       |       |     5 ||     5
Invok: Heal Other        |       |       |       |     5 |    24 |    25 ||    54
       Heal Self         |       |       |       |       |     3 |     3 ||     6
       Purification      |       |       |       |       |       |     6 ||     6
Evoke: Wand              |       |       |    16 |    30 |    20 |    15 ||    81
       Piece from Xom's  |       |       |       |       |     4 |       ||     4
  Use: Scroll            |     1 |     6 |     2 |    19 |     8 |     7 ||    43
       Potion            |       |     4 |     8 |     6 |     2 |       ||    20
 Stab: Paralysed         |       |       |       |    15 |       |     7 ||    22
       Distracted        |       |       |       |       |     5 |     1 ||     6
       Sleeping          |       |       |       |       |     1 |     4 ||     5
Armor: Scale mail        |    40 |   219 |   179 |    80 |       |       ||   518
       Skin              |       |     6 |    12 |       |       |       ||    18
       Acid dragon scale |       |       |       |   151 |       |       ||   151
       Robe              |       |       |       |   140 |   275 |   225 ||   640
Dodge: Dodged            |    35 |   165 |   153 |   750 |  1271 |  1282 ||  3656
Block: Buckler           |    19 |    85 |    92 |   327 |   167 |   120 ||   810

Table legend: (Time is in decaauts)
 A = Elapsed time spent in this place.
 B = Non-inter-level travel time spent in this place.
 C = Inter-level travel time spent in this place.
 D = Time resting spent in this place.
 E = Time spent auto-exploring this place.
 F = Levels seen in this place.
 G = Mean time per level.
                   A        B        C        D        E       F      G
               +--------+--------+--------+--------+--------+-----+--------+
         Total |  31933 |  29913 |   2020 |   4600 |  15860 |  31 | 1030.1 |
       Dungeon |  20105 |  19094 |   1011 |   3830 |   9918 |  15 | 1340.3 |
        Temple |     73 |     65 |      8 |      0 |     26 |   1 |   73.0 |
          Lair |   6490 |   5817 |    673 |    334 |   3343 |   6 | 1081.7 |
   Spider Nest |   1535 |   1392 |    143 |    104 |    849 |   2 |  767.5 |
    Slime Pits |      1 |      1 |      0 |      0 |      0 |   1 |    1.0 |
  Orcish Mines |   2098 |   1915 |    183 |      7 |   1117 |   2 | 1049.0 |
        Depths |      8 |      8 |      0 |      0 |      0 |   1 |    8.0 |
         Trove |     79 |     79 |      0 |      0 |      8 |   1 |   79.0 |
         Sewer |    868 |    868 |      0 |    324 |    240 |   1 |  868.0 |
      Gauntlet |    671 |    671 |      0 |      0 |    356 |   1 |  671.0 |
               +--------+--------+--------+--------+--------+-----+--------+

Top non-repeatable levels by time:
    D:10: 2131 daAuts
    D:11: 1883 daAuts
     D:4: 1846 daAuts
     D:6: 1743 daAuts
   Orc:2: 1650 daAuts
     D:8: 1629 daAuts
    D:12: 1563 daAuts
  Lair:6: 1453 daAuts
     D:9: 1382 daAuts
     D:5: 1231 daAuts
  Lair:1: 1227 daAuts
  Lair:5: 1166 daAuts
     D:3: 1155 daAuts
  Lair:3: 1146 daAuts
    D:14: 1098 daAuts
